Map: Mech-Depot LE

Players

Arcopix

  • Race: Zerg Zerg
  • League: Platinum
  • Spawn Location: 1:00

Panda - Winner!

  • Race: Zerg Zerg
  • League: Platinum
  • Spawn Location: 7:00

VOD

Have the link to the VOD?

Description

Time

  • Played on: Sept. 2, 2017, 3:23 p.m.
  • Length: 5:04
Show
View Real Time Build Order
Export as new Build Order

Arcopix Zerg 

Build Orders: Hatch First 

Get SALT Encoding   

  12  0:01  Drone  
  13  0:09  Drone  
  14  0:18  Extractor, Drone  
  15  0:41  Hatchery  
  14  0:46  Overlord  
  14  0:53  Extractor, Drone  
  14  1:05  Drone x2  
  14  1:08  Drone  
  17  1:23  Spawning Pool  
  17  1:24  Drone  
  17  1:30  Drone  
  18  1:42  Overlord  
  19  2:01  Drone  
  19  2:02  Drone  
  20  2:09  Queen x2  
  20  2:12  Metabolic Boost  
  24  2:17  Zergling x2  
  24  2:26  Zergling x2  
  25  2:39  Zergling x2  
  25  2:49  Zergling x4  
  25  2:50  Zergling x2  
  28  2:54  Zergling x4  
  29  3:04  Zergling x4  
  14  3:15  Zergling x2  
  8  3:44  Drone  
  8  3:49  Drone  
  9  4:03  Drone  
  10  4:10  Drone  
  11  4:20  Drone  
  12  4:26  Drone  
  13  4:33  Drone  
  14  4:41  Drone  
  15  4:47  Zergling x2  
Show
View Real Time Build Order
Export as new Build Order

Panda Zerg - Winner!

Build Orders: Pool First, Zergling Baneling 

Get SALT Encoding   

  12  0:01  Drone  
  13  0:11  Extractor  
  12  0:24  Spawning Pool  
  11  0:29  Drone  
  12  0:36  Drone  
  13  0:44  Overlord  
  13  0:53  Drone  
  14  1:11  Queen  
  14  1:12  Zergling x2  
  14  1:13  Zergling x2  
  14  1:17  Zergling x2  
  19  1:26  Zergling x2  
  19  1:31  Metabolic Boost  
  20  1:36  Zergling x2  
  21  1:47  Baneling Nest  
  21  1:50  Zergling x2  
  21  1:57  Zergling x2  
  22  2:07  Overlord  
  21  2:35  Baneling x2  
  22  2:37  Zergling x8  
  25  2:50  Baneling x2  
  25  2:53  Zergling x4  
  26  3:02  Zergling x2  
  23  3:14  Zergling x2  
  22  3:27  Zergling x2  
  22  3:41  Zergling x4  
  20  3:49  Baneling x2  
  20  3:50  Zergling x4  
  20  3:51  Zergling x2  
  20  3:54  Spine Crawler  
  22  4:17  Drone x2  
  22  4:22  Hatchery  
  22  4:27  Baneling x3  
  22  4:30  Drone  
Tags
 
Add a new tag
Caveats
  • Supply blocks, unpowered buildings, or Contaminate may cause inaccurate times.
  • Supply counts are checked every 10 seconds.